 Dungeon Crawl Stone Soup version 0.31.0-11-ge490571c62 (webtiles) character file.

Game seed: 8742318222899551939

173 mopl the Sneak (level 5, -3/38 HPs)
             Began as a Draconian Enchanter on Feb 8, 2024.
             Incinerated by a bombardier beetle (5 damage)
             ... with a burning spray
             ... on level 4 of the Dungeon.
             The game lasted 00:03:11 (2137 turns).

mopl the Sneak (Draconian Enchanter)                Turns: 2137, Time: 00:03:11

Health: -3/38      AC:  5    Str: 11    XL:     5   Next: 28%
Magic:  2/9        EV: 12    Int: 17    God:
Gold:   114        SH:  0    Dex: 11    Spells: 2/10 levels left

rFire   . . .        a - +1 dagger
rCold   . . .        (no shield)
rNeg    . . .        (body armour unavailable)
rPois   .            (helmet restricted)
rElec   .            (no cloak)
rCorr   .            (no gloves)
SInv    .            (no boots)
Will    .....        (no amulet)
Stlth   +            h - ring of ice
HPRegen 0.26/turn    f - ring of fire
MPRegen 0.11/turn

%: no passive effects
@: on fire, glowing
A: AC +5, unfitting armour, cold-blooded
a: no special abilities


You were on level 4 of the Dungeon.
You visited 1 branch of the dungeon, and saw 4 of its levels.

You collected 114 gold pieces.

Inventory:

Hand Weapons
 a - a +1 dagger (weapon)
Missiles
 j - 12 poisoned darts
 k - 2 boomerangs
Jewellery
 f - a ring of fire (right hand)
 h - a ring of ice (left hand)
 i - a ring of resist corrosion
Scrolls
 d - 5 scrolls of teleportation {unknown}
 e - a scroll of acquirement {unknown}
 l - a scroll of identify {unknown}
Potions
 b - 2 potions of invisibility
 c - a potion of enlightenment {unknown}
 g - 3 potions of attraction {unknown}
 m - a potion of lignification {unknown}


   Skills:
 - Level 1.0 Short Blades
 - Level 1.7 Dodging
 + Level 4.0 Stealth
 + Level 3.3 Spellcasting
 + Level 3.8 Hexes


You had 2 spell levels left.
You knew the following spells:

 Your Spells              Type           Power      Damage    Failure   Level
b - Ensorcelled Hibernat  Hex/Ice        28%        N/A       12%         2
c - Confusing Touch       Hex            16%        N/A       11%         3
d - Tukima's Dance        Hex            16%        N/A       11%         3

Your spell library contained the following spells:

 Spells                   Type           Power      Damage    Failure   Level
 Dazzling Flash           Conj/Hex       18%        N/A       22%         3


Dungeon Overview and Level Annotations

Branches:
Dungeon (4/15)
 Temple: D:4-7

Altars:


Innate Abilities, Weirdness & Mutations

Your plain brown scales are hard. (AC +5)
You cannot fit into any form of body armour.
You are cold-blooded and may be slowed by cold attacks.


Message History

You hit the bombardier beetle.
The bombardier beetle is severely wounded.
The liquid fire burns you!
The bombardier beetle sprays incendiary fluid at you.
The burning spray hits you.
You are even more covered in liquid fire!
Your magical contamination has completely faded away.
You hit the bombardier beetle but do no damage.
You tail-slap the bombardier beetle.
The bombardier beetle is severely wounded.
The liquid fire burns you!
You hit the bombardier beetle.
The bombardier beetle is almost dead.
The liquid fire burns you! The bombardier beetle misses you.
Unknown command.
You hit the bombardier beetle.
The bombardier beetle is almost dead.
The liquid fire burns you!
The bombardier beetle barely misses you.
Unknown command.
You hit the bombardier beetle but do no damage.
You tail-slap the bombardier beetle.
You kill the bombardier beetle!
The liquid fire burns you!
Your Stealth skill increases to level 4!
An endoplasm comes into view.
You shake off some of the fire as you move.
The liquid fire burns you!
* * * LOW HITPOINT WARNING * * *
The endoplasm quivers.
You shake off some of the fire as you move.
The liquid fire burns you!
* * * LOW HITPOINT WARNING * * *
You shake off some of the fire as you move.
The liquid fire burns you!
* * * LOW HITPOINT WARNING * * *
You shake off some of the fire as you move.
The liquid fire burns you!
You die...

#.###.#.#....#.#
#....<..#....#.#
#########....#.#
#.........#.#
#.###..##.#.# #######
#.#.......#.# .......
#....######.# .......
#.#.........###......#
#>.........@......J...
###############.......
....... .......
....... .......
####... ###


You could see an endoplasm.

Vanquished Creatures
  A howler monkey (D:3)
  A bombardier beetle (D:4)
  4 adders
  2 dart slugs (D:1)
  2 ribbon worms
  7 orcs (D:3)
  6 endoplasms
  A giant cockroach (D:2)
  3 goblins
  2 hobgoblins
  2 quokkas (D:1)
  9 ball pythons
  2 bats (D:1)
  5 frilled lizards
  4 kobolds
  2 rats (D:1)
53 creatures vanquished.

Notes
Turn   | Place    | Note
-------+----------+-------------------------------------------
     0 | D:1      | mopl the Draconian Enchanter began the quest for the Orb.
     0 | D:1      | Reached XP level 1. HP: 14/14 MP: 3/3
    78 | D:1      | Reached XP level 2. HP: 17/20 MP: 5/5
    81 | D:1      | Learned a level 2 spell: Ensorcelled Hibernation
    98 | D:1      | Reached skill level 3 in Stealth
   447 | D:2      | Reached XP level 3. HP: 14/26 MP: 6/6
   523 | D:2      | Learned a level 3 spell: Confusing Touch
   769 | D:2      | Found a faded altar of an unknown god.
  1219 | D:3      | Reached XP level 4. HP: 33/33 MP: 3/8
  1223 | D:3      | Learned a level 3 spell: Tukima's Dance
  2046 | D:4      | Noticed a black bear
  2053 | D:3      | Reached XP level 5. HP: 29/38 MP: 4/9
  2134 | D:4      | Reached skill level 4 in Stealth
  2137 | D:4      | Incinerated by a bombardier beetle

Illustrated notes

Levels and vault maps discovered:
D:1:      amcnicky_arrival_gap_in_the_tavern_cellar, layout_rooms
D:2:      layout_rooms, nicolae_ecumenical_oubliette
D:3:      layout_loops_cross, eino_curves_02, hangedman_abyss_or_decor_stabs
D:4:      layout_basic, tso_metal_star, gammafunk_temple_overflow_arena,
          minmay_temple_entry_glass, nicolae_half_adder

Skill      XL: |  1  2  3  4  5 |
---------------+----------------+-----
Stealth        | 3 4 |  4.0
Hexes          | 3 |  3.8
Spellcasting   | 3 |  3.3
Short Blades   | |  1.0
Dodging        | |  1.7

Action                     |  1- 3 |  4- 6 || total
---------------------------+-------+-------++-------
  Melee: Dagger            |   143 |    85 ||   228
         Tailslap          |    15 |     8 ||    23
         Punch             |       |     1 ||     1
   Cast: Ensorcelled Hiber |     2 |     8 ||    10
   Stab: Sleeping          |     7 |     4 ||    11
 Armour: Skin              |    61 |    50 ||   111
  Dodge: Dodged            |    82 |    71 ||   153
